 Dungeon Sprint DCSS version 0.29-a0-542-g075992c915 (webtiles) character file.

Game seed: 9165855384470629502

25 mhtbhm the Insei (level 3, -2/28 HPs)
             Began as a Meteoran Transmuter on June 4, 2022.
             Slain by an ogre
             ... wielding a +0 giant club
              (30 damage)
             ... in the Dungeon (Sprint I: "Red Sonja").
             The game lasted 00:00:21 (53 turns).

mhtbhm the Insei (Meteoran Transmuter)                Turns: 53, Time: 00:00:21

Health: -2/28      AC:  2    Str: 13    XL:     3   Next: 35%
Magic:  4/9        EV: 21    Int: 15    God:
Gold:   0          SH:  0    Dex: 19    Spells: 3/9 levels left

rFire   . . .      SeeInvis .     - Unarmed
rCold   . . .      Faith    .   (shield currently unavailable)
rNeg    . . .      Spirit   .   (body armour currently unavailable)
rPois   x          Reflect  .   (helmet currently unavailable)
rElec   .          Harm     .   (cloak currently unavailable)
rCorr   .          Rampage  .   (gloves currently unavailable)
Will    .....      NoTele   +   (boots currently unavailable)
Stlth   +.........              (no amulet)
HPRegen 0.09/turn               (no ring)
MPRegen 0.11/turn               (no ring)

@: spider-form, wereblooded, glowing
A: venomous fangs, tiny, sense surroundings 1, otherworldly, glowing, explore
regen
a: End Transformation


You were in the Dungeon.
You were a venomous arachnid creature.
You visited 1 branch

Inventory:

Armour
 a - a +0 robe (melded)
Wands
 g - a wand of flame (20)
Scrolls
 h - a scroll of blinking
Potions
 b - a potion of lignification
 c - a potion of curing
 d - a potion of heal wounds
 e - a potion of haste
 f - 2 potions of magic


   Skills:
 + Level 1.1 Fighting
 + Level 3.4 Dodging
 + Level 6.2 Unarmed Combat
 + Level 3.9 Spellcasting
 + Level 3.5 Transmutations


You had 3 spell levels left.
You knew the following spells:

 Your Spells              Type           Power      Damage    Failure   Level
a - Beastly Appendage     Tmut           26%        N/A       13%         1
b - Wereblood             Tmut           13%        N/A       17%         2
c - Spider Form           Tmut/Pois      8%         N/A       47%         3

Your spell library contained the following spells:

 Spells                   Type           Power      Damage    Failure   Level
 Ice Form                 Ice/Tmut       8%         N/A       83%         4


Dungeon Overview and Level Annotations

Branches:
Dungeon (1/1)

Altars:


Innate Abilities, Weirdness & Mutations

You are a venomous arachnid creature.
You have poisonous fangs.
You are tiny and dextrous.
Your spellcasting is less reliable in this form.
Your armour is entirely melded.
You are incapable of wielding weapons or throwing items.
You passively map a small area around you.
You are easily found by Zot.
You glow in the dark.
You regain HP and MP as you explore.


Message History

g - a wand of flame (20)
There is an open door here.
Things that are here:
a +1 dagger of speed; a +0 scale mail; the goblin corpse of Ijyb You feel a strong urge to attack something.
There is an open door here.
Things that are here:
a +1 dagger of speed; a +0 scale mail; the goblin corpse of Ijyb You feel your anger nearly subside.
You are no longer berserk.
You are exhausted.
You feel yourself slow down.
Memorise Wereblood, consuming 2 spell levels and leaving 6?
You start memorising the spell.
You continue memorising.
Your horns disappear.
Your talons disappear.
You continue memorising.
You finish memorising.
Spell assigned to 'b'.
This spell is quite dangerous to cast!
Memorise Spider Form, consuming 3 spell levels and leaving 3?
You start memorising the spell.
You continue memorising. x3
You finish memorising.
Spell assigned to 'c'.
You start resting.
Magic restored.
You start waiting.
You feel yourself speed up.
You start waiting.
You recover from your berserk rage.
Casting: Beastly Appendage (safe; 4% risk of failure)
Confirm with . or Enter, or press ? or * to list all spells.
The spell is quite dangerous to miscast (26% risk of failure)!
Continue anyway?
You turn into a venomous arachnid creature.
Your +0 robe melds into your body.
Casting: Spider Form (extremely dangerous; 47% risk of failure)
Confirm with . or Enter, or press ? or * to list all spells.
Your blood is infused with primal strength.
You open the door.
An ogre comes into view. It is wielding a +0 giant club.
The ogre shouts!
The ogre hits you with a +0 giant club!!
Ouch! That really hurt!
You die...

##########*
#<.#..sO.#,
#..)..#..+
, ,
#..#####+#*
_ #..#* *,
* #..# * *
*, #..# _ *
#⌠⌠#_, *
#### * , _
, ,


You could see an ogre.

Vanquished Creatures
  Ijyb (D)
1 creature vanquished.

Notes
Turn   | Place    | Note
-------+----------+-------------------------------------------
     0 | D        | mhtbhm the Meteoran Transmuter began the quest for the Orb.
     0 | D        | Reached XP level 1. HP: 16/16 MP: 5/5
     3 | D        | Noticed Ijyb
     8 | D        | Killed Ijyb
     9 | D        | Reached skill level 6 in Unarmed Combat
     9 | D        | Reached XP level 2. HP: 23/23 MP: 4/7
     9 | D        | Reached XP level 3. HP: 28/28 MP: 5/9
    18 | D        | Learned a level 2 spell: Wereblood
    22 | D        | Learned a level 3 spell: Spider Form
    52 | D        | Noticed an ogre
    53 | D        | Slain by an ogre

Illustrated notes

Levels and vault maps discovered:
D:        dungeon_sprint_1 [red_sonja_temple_1, red_sonja_temple_small_1]

Skill      XL: |  1 |
---------------+----+-----
Dodging        | 3 |  3.4
Unarmed Combat | 6 |  6.2
Spellcasting   | 3 |  3.9
Transmutations | 3 |  3.5
Fighting       | |  1.1

Action                   || total
-------------------------++-------
Melee: Unarmed           ||     4
       Kick              ||     3
 Cast: Beastly Appendage ||     1
       Spider Form       ||     1
       Wereblood         ||     1
  Use: Potion            ||     1
Dodge: Dodged            ||     1

Table legend: (Time is in decaauts)
 A = Elapsed time spent in this place.
 B = Non-inter-level travel time spent in this place.
 C = Inter-level travel time spent in this place.
 D = Time resting spent in this place.
 E = Time spent auto-exploring this place.
 F = Levels seen in this place.
 G = Mean time per level.
                   A        B        C        D        E       F      G
               +--------+--------+--------+--------+--------+-----+--------+
         Total |     61 |     61 |      0 |     35 |      0 |   1 |   61.0 |
       Dungeon |     61 |     61 |      0 |     35 |      0 |   1 |   61.0 |
               +--------+--------+--------+--------+--------+-----+--------+

Top non-repeatable levels by time:
       D: 61 daAuts
